TOP OF THE 1ST |
San Jose Missions batting - Pitching for Albuquerque Isotopes : LHP Sean Perry
|
Pitching: LHP Sean Perry
|
|
Batting: RHB Dan Mason
|
0-0: Called Strike 0-1: Ground out 6-3 (Groundball, 6)
|
Batting: RHB Jesús Cruz
|
0-0: Ball 1-0: Foul Ball, location: 2F 1-1: Fly out, F4 (Popup, 4)
|
Batting: RHB Jeff Packard
|
0-0: Swinging Strike 0-1: Ball 1-1: Ball 2-1: Foul Ball, location: 2F 2-2: Strikes out swinging
|
Top of the 1st over - 0 runs, 0 hits, 0 errors, 0 left on base; San Jose 0 - Albuquerque 0 |
BOTTOM OF THE 1ST |
Albuquerque Isotopes batting - Pitching for San Jose Missions : LHP Martín Reyes
|
Pitching: LHP Martín Reyes
|
|
Batting: RHB Javier Peña
|
0-0: Foul Ball, location: 2F 0-1: Ball 1-1: Ball 2-1: Foul Ball, location: 2F 2-2: Foul Ball, location: 2F 2-2: Foul Ball, location: 2F 2-2: SINGLE (Flyball, 7S)
|
Batting: LHB Wally Harris
|
0-0: Ball 1-0: Foul Ball, location: 2F 1-1: Hit by Pitch Javier Peña to second
|
Batting: RHB Martín López
|
0-0: Ball 1-0: Ball 2-0: Ball 3-0: Called Strike 3-1: Base on Balls Javier Peña to third Wally Harris to second
|
Batting: SHB Manuel Hegnauer
|
0-0: Called Strike 0-1: Fly out, F8 (Line Drive, 8LD) Runner from 3rd tags up, SCORES, throw made
|
Batting: LHB Burt Ward
|
0-0: Ball 1-0: Swinging Strike 1-1: Swinging Strike 1-2: Strikes out swinging
|
Batting: RHB Piotr Zahn
|
0-0: Swinging Strike 0-1: Ball 1-1: Foul Ball, location: 2F 1-2: Foul Ball, location: 2F 1-2: Foul Ball, location: 2F 1-2: Ball 2-2: Strikes out swinging
|
Bottom of the 1st over - 1 run, 1 hit, 0 errors, 2 left on base; San Jose 0 - Albuquerque 1 |
TOP OF THE 2ND |
San Jose Missions batting - Pitching for Albuquerque Isotopes : LHP Sean Perry
|
Batting: LHB Frank Geddes
|
0-0: Ground out 6-3 (Groundball, 6)
|
Batting: SHB Ángel González
|
0-0: Called Strike 0-1: Foul Ball, location: 2F 0-2: Foul Ball, location: 2F 0-2: SOLO HOME RUN (Flyball, 89D), Distance : 388 ft
|
Batting: LHB Weston Chaney
|
0-0: Foul Ball, location: 2F 0-1: Ball 1-1: Ball 2-1: Called Strike 2-2: Foul Ball, location: 2F 2-2: SOLO HOME RUN (Flyball, 9LD), Distance : 380 ft
|
Batting: RHB Jorge Díaz
|
0-0: Ball 1-0: Ball 2-0: Called Strike 2-1: Ground out 6-3 (Groundball, 6)
|
Batting: RHB Alberto Ramos
|
0-0: Ball 1-0: Fly out, F9 (Line Drive, 9LS)
|
Top of the 2nd over - 2 runs, 2 hits, 0 errors, 0 left on base; San Jose 2 - Albuquerque 1 |
BOTTOM OF THE 2ND |
Albuquerque Isotopes batting - Pitching for San Jose Missions : LHP Martín Reyes
|
Batting: LHB José González
|
0-0: Called Strike 0-1: Ball 1-1: Swinging Strike 1-2: Strikes out swinging
|
Batting: LHB Tanyu Imai
|
0-0: Ground out 6-3 (Groundball, 6)
|
Batting: RHB Julián Garza
|
0-0: Ball 1-0: Ball 2-0: Ball 3-0: Foul Ball, location: 2F 3-1: Swinging Strike 3-2: Base on Balls
|
Batting: RHB Javier Peña
|
0-0: Ball Wild Pitch! Julián Garza to second 1-0: Ball 2-0: Called Strike 2-1: Foul Ball, location: 2F 2-2: Ground out 6-3 (Groundball, 6)
|
Bottom of the 2nd over - 0 runs, 0 hits, 0 errors, 1 left on base; San Jose 2 - Albuquerque 1 |
TOP OF THE 3RD |
San Jose Missions batting - Pitching for Albuquerque Isotopes : LHP Sean Perry
|
Batting: RHB David Crespo
|
0-0: Ball 1-0: Ball 2-0: Ball 3-0: Called Strike 3-1: Swinging Strike 3-2: DOUBLE (Flyball, 8LD)
|
Batting: RHB Dan Mason
|
0-0: Ball 1-0: SINGLE (Groundball, 56D) David Crespo to third
|
Batting: RHB Jesús Cruz
|
0-0: Called Strike 0-1: Foul Ball, location: 2F 0-2: Fly out, F8 (Flyball, 8LM) Runner from 3rd tags up, SCORES, throw made
|
Batting: RHB Jeff Packard
|
0-0: Ball 1-0: Foul Ball, location: 2F 1-1: Grounds into double play, 4-6-3 (Groundball, 4)
|
Top of the 3rd over - 1 run, 2 hits, 0 errors, 0 left on base; San Jose 3 - Albuquerque 1 |
BOTTOM OF THE 3RD |
Albuquerque Isotopes batting - Pitching for San Jose Missions : LHP Martín Reyes
|
Batting: LHB Wally Harris
|
0-0: Called Strike 0-1: Swinging Strike 0-2: Strikes out swinging
|
Batting: RHB Martín López
|
0-0: Fly out, F7 (Flyball, 78S)
|
Batting: SHB Manuel Hegnauer
|
0-0: Called Strike 0-1: Ball 1-1: Ball 2-1: Swinging Strike 2-2: Strikes out looking
|
Bottom of the 3rd over - 0 runs, 0 hits, 0 errors, 0 left on base; San Jose 3 - Albuquerque 1 |
TOP OF THE 4TH |
San Jose Missions batting - Pitching for Albuquerque Isotopes : LHP Sean Perry
|
Batting: LHB Frank Geddes
|
0-0: Called Strike 0-1: Fly out, F7 (Flyball, 7LS)
|
Batting: SHB Ángel González
|
0-0: Called Strike 0-1: Called Strike 0-2: Strikes out looking
|
Batting: LHB Weston Chaney
|
0-0: Ball 1-0: Foul Ball, location: 2F 1-1: Fly out, F8 (Flyball, 8LS)
|
Top of the 4th over - 0 runs, 0 hits, 0 errors, 0 left on base; San Jose 3 - Albuquerque 1 |
BOTTOM OF THE 4TH |
Albuquerque Isotopes batting - Pitching for San Jose Missions : LHP Martín Reyes
|
Batting: LHB Burt Ward
|
0-0: Ball 1-0: Ball 2-0: Swinging Strike 2-1: Ball 3-1: Base on Balls
|
Batting: RHB Piotr Zahn
|
0-0: Called Strike 0-1: Fly out, F8 (Flyball, 89M)
|
Batting: LHB José González
|
0-0: Ball 1-0: Ball 2-0: Called Strike 2-1: Ball 3-1: Base on Balls Burt Ward to second
|
Batting: LHB Tanyu Imai
|
0-0: Swinging Strike 0-1: Ball 1-1: Fly out, F7 (Flyball, 7LM)
|
Batting: RHB Julián Garza
|
0-0: Foul Ball, location: 2F 0-1: Ball 1-1: Called Strike 1-2: Strikes out swinging
|
Bottom of the 4th over - 0 runs, 0 hits, 0 errors, 2 left on base; San Jose 3 - Albuquerque 1 |
TOP OF THE 5TH |
San Jose Missions batting - Pitching for Albuquerque Isotopes : LHP Sean Perry
|
Batting: RHB Jorge Díaz
|
0-0: Fly out, F5 (Line Drive, 5)
|
Now at 3B: Will Stafford
|
|
Batting: RHB Alberto Ramos
|
0-0: Ball 1-0: Ball 2-0: Foul Ball, location: 2F 2-1: Foul Ball, location: 2F 2-2: Foul Ball, location: 2F 2-2: Strikes out swinging
|
Batting: RHB David Crespo
|
0-0: Ball 1-0: Called Strike 1-1: Ball 2-1: Ball 3-1: Base on Balls
|
Batting: RHB Dan Mason
|
0-0: Ball 1-0: Foul Ball, location: 2F 1-1: Hit by Pitch David Crespo to second
|
Batting: RHB Jesús Cruz
|
0-0: Called Strike 0-1: Swinging Strike 0-2: Ball 1-2: Ball 2-2: Foul Ball, location: 2F 2-2: Foul Ball, location: 2F 2-2: Foul Ball, location: 2F 2-2: Foul Ball, location: 2F 2-2: Ball 3-2: Foul Ball, location: 2F 3-2: Strikes out swinging
|
Top of the 5th over - 0 runs, 0 hits, 0 errors, 2 left on base; San Jose 3 - Albuquerque 1 |
BOTTOM OF THE 5TH |
Albuquerque Isotopes batting - Pitching for San Jose Missions : LHP Martín Reyes
|
Batting: RHB Javier Peña
|
0-0: Ball 1-0: Foul Ball, location: 2F 1-1: Ground out 5-3 (Groundball, 5S)
|
Batting: LHB Wally Harris
|
0-0: Ball 1-0: Foul Ball, location: 2F 1-1: Ball 2-1: Foul Ball, location: 2F 2-2: Ball 3-2: Ground out U3 (Groundball, 3)
|
Batting: RHB Martín López
|
0-0: Called Strike 0-1: Ground out 6-3 (Groundball, 6)
|
Bottom of the 5th over - 0 runs, 0 hits, 0 errors, 0 left on base; San Jose 3 - Albuquerque 1 |
TOP OF THE 6TH |
San Jose Missions batting - Pitching for Albuquerque Isotopes : LHP Sean Perry
|
Batting: RHB Jeff Packard
|
0-0: Called Strike 0-1: Fly out, F7 (Flyball, 7)
|
Batting: LHB Frank Geddes
|
0-0: Called Strike 0-1: Foul Ball, location: 2F 0-2: Foul Ball, location: 2F 0-2: SINGLE (Line Drive, 4MD)
|
Batting: SHB Ángel González
|
0-0: Ball 1-0: Foul Ball, location: 2F 1-1: Ball 2-1: Called Strike 2-2: Grounds into double play, 6-4-3 (Groundball, 6)
|
Top of the 6th over - 0 runs, 1 hit, 0 errors, 0 left on base; San Jose 3 - Albuquerque 1 |
BOTTOM OF THE 6TH |
Albuquerque Isotopes batting - Pitching for San Jose Missions : LHP Martín Reyes
|
Batting: SHB Manuel Hegnauer
|
0-0: Called Strike 0-1: Ball 1-1: Ball 2-1: SINGLE (Groundball, 4MD)
|
Batting: LHB Burt Ward
|
0-0: Ball 1-0: Foul Ball, location: 2F 1-1: Ball 2-1: Ground out U3 (Groundball, 3S) Manuel Hegnauer to second
|
Batting: RHB Piotr Zahn
|
0-0: Ball 1-0: Ball 2-0: Foul Ball, location: 2F 2-1: Ball 3-1: Foul Ball, location: 2F 3-2: Base on Balls
|
Batting: LHB José González
|
0-0: Ball 1-0: Called Strike 1-1: Ball 2-1: Ball 3-1: Called Strike 3-2: Strikes out swinging Piotr Zahn is caught stealing 2nd base Batter strikes out.
|
Bottom of the 6th over - 0 runs, 1 hit, 0 errors, 1 left on base; San Jose 3 - Albuquerque 1 |
TOP OF THE 7TH |
San Jose Missions batting - Pitching for Albuquerque Isotopes : LHP Sean Perry
|
Batting: LHB Weston Chaney
|
0-0: Foul Ball, location: 2F 0-1: Ball 1-1: Ball 2-1: DOUBLE (Line Drive, 7LS)
|
Batting: RHB Jorge Díaz
|
0-0: Intentional Walk
|
Batting: RHB Alberto Ramos
|
0-0: Sac Bunt - play at first, batter OUT! 2-3 Weston Chaney to third Jorge Díaz to second
|
Batting: RHB David Crespo
|
0-0: Fly out, F9 (Flyball, 9LS)
|
Batting: RHB Dan Mason
|
0-0: Fly out, F8 (Flyball, 8LM)
|
Top of the 7th over - 0 runs, 1 hit, 0 errors, 2 left on base; San Jose 3 - Albuquerque 1 |
BOTTOM OF THE 7TH |
Albuquerque Isotopes batting - Pitching for San Jose Missions : LHP Martín Reyes
|
Pitching: RHP José García
|
|
Batting: LHB Tanyu Imai
|
0-0: Ball 1-0: Called Strike 1-1: DOUBLE (Flyball, 9LD)
|
Batting: RHB Will Stafford
|
0-0: Ball 1-0: Called Strike 1-1: Called Strike 1-2: Ball 2-2: Foul Ball, location: 2F 2-2: Ball 3-2: Strikes out swinging
|
Batting: RHB Javier Peña
|
0-0: Ball 1-0: Ball 2-0: SINGLE (Line Drive, 56D) Tanyu Imai to third
|
Pitching: LHP Armando Rodríguez
|
|
Pinch Hitting: SHB Thomas Simmons
|
0-0: Ball 1-0: Ball 2-0: Ball 3-0: Base on Balls Javier Peña to second
|
Pitching: RHP Shiki Kanno
|
|
Pinch Hitting: LHB Fernando Ortíz
|
0-0: Swinging Strike 0-1: Called Strike 0-2: Ball 1-2: Strikes out swinging
|
Pitching: LHP Phil Davis
|
|
Batting: SHB Manuel Hegnauer
|
0-0: SINGLE (Line Drive, 4D) Tanyu Imai scores Javier Peña to third Thomas Simmons to second Runner from 3rd tries for Home, SAFE, no throw
|
Pinch Hitting: RHB Jesse McKnight
|
0-0: Ball 1-0: Ball 2-0: Called Strike 2-1: Foul Ball, location: 2F 2-2: Foul Ball, location: 2F 2-2: Strikes out swinging
|
Bottom of the 7th over - 2 runs, 3 hits, 0 errors, 2 left on base; San Jose 3 - Albuquerque 3 |
TOP OF THE 8TH |
San Jose Missions batting - Pitching for Albuquerque Isotopes : LHP Sean Perry
|
Pitching: RHP Tomás Hurtado
|
|
Now at 2B: Jesse McKnight
|
|
Now in CF: Thomas Simmons
|
|
Now in RF: Fernando Ortíz
|
|
Batting: RHB Jesús Cruz
|
0-0: Ball 1-0: Called Strike 1-1: Ball 2-1: Ball 3-1: Foul Ball, location: 2F 3-2: Ground out 6-3 (Groundball, 6)
|
Batting: RHB Jeff Packard
|
0-0: Called Strike 0-1: Ball 1-1: Foul Ball, location: 2F 1-2: Ball 2-2: Strikes out swinging
|
Batting: LHB Frank Geddes
|
0-0: Called Strike 0-1: Swinging Strike 0-2: Foul Ball, location: 2F 0-2: Ball 1-2: Foul Ball, location: 2F 1-2: SINGLE (Line Drive, 8RS)
|
Batting: SHB Ángel González
|
0-0: Ball 1-0: Called Strike 1-1: Foul Ball, location: 2F 1-2: Ball 2-2: Ball 3-2: Foul Ball, location: 2F 3-2: Base on Balls Frank Geddes to second
|
Batting: LHB Weston Chaney
|
0-0: Called Strike 0-1: Called Strike 0-2: Strikes out swinging
|
Top of the 8th over - 0 runs, 1 hit, 0 errors, 2 left on base; San Jose 3 - Albuquerque 3 |
BOTTOM OF THE 8TH |
Albuquerque Isotopes batting - Pitching for San Jose Missions : LHP Phil Davis
|
Batting: RHB Piotr Zahn
|
0-0: Ball 1-0: Foul Ball, location: 2F 1-1: Foul Ball, location: 2F 1-2: Foul Ball, location: 2F 1-2: Strikes out swinging
|
Batting: LHB José González
|
0-0: Called Strike 0-1: Ball 1-1: Ball 2-1: SINGLE (Flyball, 3D)
|
Pinch Hitting: RHB Kelly Graham
|
0-0: Swinging Strike 0-1: Ball 1-1: Grounds into double play, 6-4-3 (Groundball, 6M)
|
Bottom of the 8th over - 0 runs, 1 hit, 0 errors, 0 left on base; San Jose 3 - Albuquerque 3 |
TOP OF THE 9TH |
San Jose Missions batting - Pitching for Albuquerque Isotopes : RHP Tomás Hurtado
|
Now in LF: Kelly Graham
|
|
Batting: RHB Jorge Díaz
|
0-0: Called Strike 0-1: Ball 1-1: Foul Ball, location: 2F 1-2: Strikes out swinging
|
Pinch Hitting: RHB Millard Stark
|
0-0: Ball 1-0: Ball 2-0: SOLO HOME RUN (Flyball, 78XD), Distance : 449 ft
|
Batting: RHB David Crespo
|
0-0: Called Strike 0-1: Foul Ball, location: 2F 0-2: Ball 1-2: Ball 2-2: Ball 3-2: Ground out 6-3 (Groundball, 6S)
|
Batting: RHB Dan Mason
|
0-0: Called Strike 0-1: Ball 1-1: Foul Ball, location: 2F 1-2: Strikes out swinging
|
Top of the 9th over - 1 run, 1 hit, 0 errors, 0 left on base; San Jose 4 - Albuquerque 3 |
BOTTOM OF THE 9TH |
Albuquerque Isotopes batting - Pitching for San Jose Missions : LHP Phil Davis
|
Pitching: RHP Terry Adams
|
|
Now at C: Miguel Mendoza
|
|
Now at SS: Chase Mueller
|
|
Pinch Hitting: SHB Edward Bartlett
|
0-0: Called Strike 0-1: Ball 1-1: Ball 2-1: Ball 3-1: Fly out, F1 (Line Drive, 15S)
|
Pinch Hitting: LHB Denny Poole
|
0-0: Swinging Strike 0-1: Ball 1-1: Called Strike 1-2: Foul Ball, location: 2F 1-2: Strikes out swinging
|
Batting: SHB Thomas Simmons
|
0-0: Called Strike 0-1: Ground out 6-3 (Groundball, 6)
|
Bottom of the 9th over - 0 runs, 0 hits, 0 errors, 0 left on base; San Jose 4 - Albuquerque 3 |
|